 Dungeon Crawl Stone Soup version 0.15.0-34-g666c3a1 (webtiles) character file.

4118 Psiweapon the Cruncher (level 10, -11/63 HPs)
             Began as a Gargoyle Gladiator on Sept 14, 2014.
             Was an Elder of Cheibriados.
             Killed from afar by a fire dragon (35 damage)
             ... with a blast of flame
             ... on Level 9 of the Dungeon.
             The game lasted 00:35:58 (7886 turns).

Psiweapon the Cruncher (Gargoyle Gladiator)         Turns: 7886, Time: 00:35:59

HP -11/63        AC 22     Str 29      XL: 10   Next: 26%
MP  17/22        EV 10     Int 19      God: Cheibriados [****..]
Gold 497         SH  0     Dex 20      Spells:  1 memorised,  7 levels left

rFire  . . .     SeeInvis +     a - +1 quarterstaff
rCold  . . .     Clarity  .     t - +1 chain mail
rNeg   + . .     rCorr    .     (no shield)
rPois  +         rRot     +     c - +0 helmet
rElec  +         Spirit   .     (no cloak)
SustAb .         Warding  .     L - +2 pair of gloves
rMut   .         Stasis   .     (no boots)
Gourm  .                        (no amulet)
MR     .....                    y - ring of see invisible
                                r - ring of magical power

@: very slow, not resistant to hostile enchantments, extremely unstealthy
A: negative energy resistance 1, electricity resistance, unbreathing,
petrification resistance, rot immunity, AC +7
a: Bend Time, Temporal Distortion, Slouch, Renounce Religion


You were on level 9 of the Dungeon.
You worshipped Cheibriados.
Cheibriados was greatly pleased with you.
You were not hungry.

You visited 2 branches of the dungeon, and saw 11 of its levels.
You also visited: Ossuary.

You collected 497 gold pieces.

Inventory:

Hand weapons
 a - a +1 quarterstaff (weapon)
 d - a +4 scythe
 p - a +1 great sword of holy wrath
 s - a +2 flail of protection
Missiles
 e - 16 tomahawks
 n - 4 tomahawks of returning
 w - 191 bolts
 N - 5 arrows of dispersal
 S - 3 tomahawks of dispersal
 U - a throwing net (quivered)
Armour
 b - a +0 leather armour
 c - a +0 helmet (worn)
 q - a +0 pair of gloves
 t - a +1 chain mail (worn)
 L - a +2 pair of gloves (worn)
Magical devices
 j - a wand of confusion (7)
 R - a wand of draining (4)
Comestibles
 f - 12 bread rations
 g - 5 fruits
 i - 2 meat rations
 M - 8 beef jerkies
Scrolls
 k - 3 scrolls of remove curse
 m - 4 scrolls of immolation
 o - a scroll of enchant armour
 A - 2 scrolls of fear
 D - 4 scrolls of blinking
 E - a scroll of enchant weapon
 F - a scroll of fog
 G - 3 scrolls of teleportation
 T - 2 scrolls of recharging
 V - 2 scrolls of identify
 Z - a scroll of torment
Jewellery
 h - an uncursed ring of protection from fire
 r - a ring of magical power (left hand)
 y - a ring of see invisible (right hand)
 B - an uncursed amulet of stasis
 J - an uncursed amulet of rage
 W - an uncursed ring of fire
Potions
 l - 2 potions of invisibility
 u - a potion of poison
 v - a potion of heal wounds
 x - a potion of porridge
 z - 3 potions of curing
 C - a potion of restore abilities
 I - a potion of magic
 P - a potion of agility
 Y - a potion of might
Books
 K - a book of Party Tricks

   Spells                             Type                      Level
   Summon Butterflies                 Summoning                    1
   Apportation                        Translocation                1
   *Blink                             Translocation                2
   Tukima's Dance                     Hexes                        3
   Alistair's Intoxication            Transmutation/Poison         4
 Q - a book of Air

   Spells                             Type                      Level
   Shock                              Conjuration/Air              1
   Swiftness                          Charms/Air                   2
   Repel Missiles                     Charms/Air                   2
   Flight                             Charms/Air                   3
   Static Discharge                   Conjuration/Air              3
   Lightning Bolt                     Conjuration/Air              5
 X - a book of Maledictions

   Spells                             Type                      Level
   Corona                             Hexes                        1
   Sure Blade                         Hexes/Charms                 2
   Ensorcelled Hibernation            Hexes/Ice                    2
   Confuse                            Hexes                        3
   Dazzling Spray                     Conjuration/Hexes            3
   Enslavement                        Hexes                        4
Magical staves
 H - an uncursed staff of earth
 O - a cursed staff of energy


   Skills:
 + Level 7.1 Fighting
 + Level 8.3 Staves
 + Level 5.3 Throwing
 + Level 6.3 Armour
 + Level 6.0 Dodging
 + Level 2.6 Stealth
 + Level 2.2 Invocations
 + Level 0.4 Evocations


You had 7 spell levels left.
You knew the following spells:

 Your Spells              Type           Power        Failure   Level  Hunger
a - Blink                 Tloc           N/A          94%         2    ###....


Dungeon Overview and Level Annotations

Branches:
Dungeon (10/15)            Temple (1/1) D:4             Orc (0/4) D:9
   Lair: D:8-11

Altars:
Ashenzari
Cheibriados
Dithmenos
Elyvilon
Fedhas
Kikubaaqudgha
Makhleb
Nemelex Xobeh
Okawaru
Qazlal
Sif Muna
Trog
Vehumet
Xom
Yredelemnul
Zin
The Shining One

Annotations:
D:8 exclusion: ice statue


Innate Abilities, Weirdness & Mutations

You are resistant to torment.
You are immune to poison.
Your stone body is very resilient (AC +7).
You resist negative energy.
You are resistant to electric shocks.
You can survive without breathing.
You are immune to petrification.
You are immune to rotting.


Message History

Cheibriados reduces the support of your attributes as your movement quickens.
You hit the fire dragon.
The fire dragon is moderately wounded.
The big kobold skeleton hits you but does no damage.
The fire dragon barely misses you.
The fire dragon claws you but does no damage.
The fire dragon tramples you but does no damage.
You thump the fire dragon!
The fire dragon is moderately wounded.
The big kobold skeleton hits you but does no damage.
The fire dragon bites you.
The fire dragon claws you but does no damage.
The fire dragon tramples you but does no damage.
You hit the fire dragon.
The fire dragon is moderately wounded.
The big kobold skeleton hits you but does no damage.
The fire dragon breathes flames at you. The blast of flame hits you!
Ouch! That really hurt!
You die...

########## ###..≈≈≈≈...
##....≈≈≈....!
###..%.@D≈≈≈$.$$
#####.......Z.≈≈≈≈$$
######.............≈≈≈≈≈
#......#####........≈≈≈≈
#.###### ##.......≈≈≈#
..# ####...≈≈≈≈ .##
####### .#### ....#


You could see a fire dragon and a big kobold skeleton.

Vanquished Creatures
  A hungry ghost (D:7)
  A black bear (D:9)
  An ice beast (D:6)
  An orc warrior (D:6)
  3 phantoms
  8 ogres
  5 elf zombies (Ossuary)
  Sigmund (D:4)
  3 centaurs
  5 giant frogs
  2 scorpions
  5 wights (D:5)
  5 crimson imps
  A jelly (D:9)
  5 centaur zombies (Ossuary)
  2 human zombies (Ossuary)
  3 iguanas
  6 orc priests
  5 hounds
  9 worker ants
  7 orc wizards
  A big kobold zombie (D:9)
  2 ogre skeletons (D:6)
  4 mummies
  9 adders
  2 giant mites (D:5)
  3 worms
  2 orc skeletons
  4 giant geckos
  An ooze (D:3)
  23 orcs
  A bat skeleton (D:6)
  7 giant cockroaches
  A gnoll skeleton (D:4)
  12 hobgoblins
  14 kobolds
  4 ball pythons
  11 bats
  7 giant newts
  10 goblins
  A jackal skeleton (D:4)
  A kobold skeleton (D:6)
  A kobold zombie (D:7)
  4 quokkas
  A quokka skeleton (D:5)
  20 rats
  8 ballistomycetes (D:8)
233 creatures vanquished.

Vanquished Creatures (others)
  A giant spore (D:8)
1 creature vanquished.

Grand Total: 234 creatures vanquished

Notes
Turn   | Place    | Note
--------------------------------------------------------------
     0 | D:1      | Psiweapon, the Gargoyle Gladiator, began the quest for the Orb.
     0 | D:1      | Reached XP level 1. HP: 12/12 MP: 1/1
   185 | D:1      | Reached XP level 2. HP: 16/18 MP: 2/2
   932 | D:2      | Reached XP level 3. HP: 11/22 MP: 3/3
  1338 | D:3      | Reached skill level 1 in Armour
  1338 | D:3      | Reached XP level 4. HP: 17/27 MP: 4/4
  1828 | D:3      | Reached XP level 5. HP: 28/32 MP: 5/5
  2196 | D:3      | Noticed an ogre
  2211 | D:3      | Killed an ogre
  2211 | D:3      | Reached skill level 4 in Staves
  2538 | D:4      | Noticed Sigmund
  2539 | D:4      | Reached XP level 6. HP: 35/37 MP: 6/6
  2568 | D:4      | Killed Sigmund
  2836 | D:4      | Noticed a phantom
  2866 | D:4      | Killed a phantom
  2866 | D:4      | Reached XP level 7. HP: 32/41 MP: 7/7
  2926 | D:4      | Found a blossoming altar of Fedhas.
  2932 | D:4      | Found a snail-covered altar of Cheibriados.
  2941 | D:4      | Became a worshipper of Cheibriados the Contemplative
  2978 | D:4      | Found a staircase to the Ecumenical Temple.
  2984 | Temple   | Entered the Ecumenical Temple
  3094 | D:5      | Entered Level 5 of the Dungeon
  3102 | D:5      | Found a sand-covered staircase.
  3133 | Ossuary  | Entered an ossuary
  3249 | Ossuary  | Reached skill level 5 in Staves
  3457 | Ossuary  | Reached XP level 8. HP: 31/48 MP: 4/8
  3649 | Ossuary  | Reached skill level 6 in Staves
  3667 | Ossuary  | Reached skill level 5 in Fighting
  4050 | D:5      | Reached skill level 5 in Dodging
  4379 | D:6      | Reached XP level 9. HP: 50/55 MP: 10/10
  4471 | D:5      | Reached skill level 7 in Staves
  4471 | D:5      | Reached skill level 1 in Invocations
  4596 | D:6      | Reached skill level 5 in Armour
  4873 | D:6      | Reached skill level 1 in Stealth
  4897 | D:6      | Found an iron altar of Okawaru.
  5610 | D:6      | Acquired Cheibriados' first power
  5919 | D:7      | Found an ancient bone altar of Kikubaaqudgha.
  5925 | D:7      | Found a sparkling altar of Nemelex Xobeh.
  6044 | D:7      | Reached skill level 8 in Staves
  6189 | D:7      | Reached skill level 5 in Throwing
  6189 | D:7      | Reached XP level 10. HP: 61/61 MP: 12/12
  6681 | D:9      | Acquired Cheibriados' second power
  6708 | D:10     | Entered Level 10 of the Dungeon
  6922 | D:8      | Learned a level 2 spell: Blink
  7102 | D:8      | Upgraded the game from 0.15.0-31-geb66e34 to 0.15.0-34-g666c3a1
  7165 | D:8      | Noticed an ice statue
  7665 | D:9      | Found a staircase to the Orcish Mines.
  7879 | D:9      | Noticed a fire dragon
  7886 | D:9      | Killed from afar by a fire dragon

Action                   |  1- 3 |  4- 6 |  7- 9 | 10-12 || total
-------------------------+-------+-------+-------+-------++-------
Melee: Quarterstaff      |    75 |   213 |   563 |   142 ||   993
Throw: Throwing net      |     2 |     6 |     5 |     1 ||    14
       Tomahawk          |       |    12 |    61 |     2 ||    75
Invok: Bend Time         |       |       |     7 |     4 ||    11
       Slouch            |       |       |       |     1 ||     1
Evoke: Wand              |       |       |     2 |       ||     2
  Use: Scroll            |     6 |     2 |     7 |     3 ||    18
       Potion            |     6 |     1 |     2 |     3 ||    12
 Stab: Held in net/web   |       |       |     4 |       ||     4
  Eat: Chunk             |     2 |     5 |     7 |     4 ||    18
       Pizza             |       |       |     1 |       ||     1
       Royal jelly       |       |       |     1 |       ||     1
